 Dungeon Crawl Stone Soup version 0.25-a0-668-gea548f19b6 (webtiles) character file.

Game seed: 14399835733539696841, levelgen mode: deterministic

1723 Flugslaktarn the Cleaver (level 8, 0/74 HPs)
             Began as a Deep Dwarf Fighter on Mar 28, 2020.
             Killed from afar by an orc wizard (4 damage)
             ... with a magic dart
             ... on level 6 of the Dungeon.
             The game lasted 00:02:32 (2610 turns).

Flugslaktarn the Cleaver (Deep Dwarf Fighter)       Turns: 2610, Time: 00:02:33

Health: 0/74       AC:  7    Str: 23    XL:     8   Next: 75%
Magic:  0/0        EV:  8    Int:  8    God:
Gold:   167        SH: 10    Dex: 12    Spells: 7/7 levels left

rFire    . . .     SeeInvis .   a - +1 war axe
rCold    . . .     Gourm    .   c - +0 kite shield
rNeg     . . .     Faith    .   b - +0 scale mail
rPois    .         Spirit   .   (no helmet)
rElec    .         Reflect  .   (no cloak)
rCorr    .         Harm     .   (no gloves)
MR       +....                  (no boots)
Stlth    ..........             (no amulet)
HPRegen  0.00/turn              (no ring)
MPRegen  0.07/turn              (no ring)

@: non-regenerating, drained
A: damage resistance, heal wounds, sense surroundings 1, no regeneration
a: Heal Wounds


You were on level 6 of the Dungeon.
You were not hungry.

You visited 2 branches of the dungeon, and saw 7 of its levels.

You collected 167 gold pieces.

Inventory:

Hand Weapons
 a - a +1 war axe (weapon)
Armour
 b - a +0 scale mail (worn)
 c - a +0 kite shield (worn)
Wands
 s - a wand of paralysis (6)
   (You found it on level 5 of the Dungeon)
Scrolls
 g - 3 scrolls of enchant weapon
Potions
 d - a potion of might
 f - 3 potions of stabbing
 h - 2 potions of haste
 l - 2 potions of invisibility {unknown}
 m - a potion of ambrosia {unknown}
 p - a potion of degeneration {unknown}
 q - 2 potions of curing
Comestibles
 e - 4 rations
 i - 2 chunks of flesh


   Skills:
 + Level 5.2(4.5) Fighting
 * Level 8.1(7.3) Axes
 + Level 6.3(5.5) Armour
 + Level 6.4(5.6) Shields


You had 7 spell levels left.
You didn't know any spells.
Your spell library was empty.

Dungeon Overview and Level Annotations

Branches:
Dungeon (6/15)             Temple (1/1) D:4

Altars:
Ashenzari
Cheibriados
Dithmenos
Elyvilon
Fedhas
Gozag
Kikubaaqudgha
Nemelex Xobeh
Qazlal
Sif Muna
Trog
Uskayaw
Vehumet
Wu Jian
Xom
Yredelemnul
Zin
The Shining One

Shops:
D:6 [*


Innate Abilities, Weirdness & Mutations

You are resistant to damage.
You can heal yourself by infusing magical energy.
You passively map a small area around you.
You do not regenerate.


Message History

You slash the adder!
You kill the adder!
You closely miss the orc wizard.
The orc wizard hits you but does no damage.
The orc wizard closely misses you. You block the orc wizard's attack.
The orc wizard points at you and mumbles some strange words.
The magic dart hits you.
* * * LOW HITPOINT WARNING * * *
Things that are here:
a +0 mace; an adder corpse; an orc corpse You barely miss the orc wizard.
The orc wizard is moderately wounded.
The orc wizard hits you but does no damage.
You hit the orc wizard but do no damage.
The orc wizard is moderately wounded.
The orc wizard hits you with a +0 dagger.
The orc wizard casts a spell at you. The magic dart hits you.
You die...

* , , .... , , .... *
,, , ..# * , , ... ,,
#.# , . , #.#
(......#*
#o###=......# *
#.@.........##.
#.###.####.........
#.....# #........
#######'## #.....#
#........# ##.....# ,
#........###.∩..#.##.
#......∩..)..........
,
#########.###..######
, #.# #..# *


You could see an orc wizard.

Vanquished Creatures
  A hippogriff (D:5)
  Menkaure (D:5)
  Duvessa (D:5)
  A sky beast (D:5)
  A phantom (D:4)
  4 ogres
  Dowan (D:5)
  2 howler monkeys (D:6)
  A hound (D:4)
  5 orc priests
  6 orc wizards
  A bullfrog skeleton (D:4)
  An iguana (D:5)
  7 worker ants
  A hound zombie (D:5)
  A worker ant zombie (D:5)
  3 gnolls (D:4)
  7 adders
  An ooze (D:2)
  2 adder skeletons
  2 worms
  A dart slug (D:4)
  3 leopard geckos
  8 orcs
  A ball python (D:3)
  A giant cockroach (D:2)
  A hobgoblin (D:1)
  7 jackals (D:5)
  2 quokkas
  5 bats
  8 frilled lizards
  8 goblins
  A jackal zombie (D:5)
  5 kobolds
  4 rats
105 creatures vanquished.

Notes
Turn   | Place    | Note
-------+----------+-------------------------------------------
     0 | D:1      | Flugslaktarn the Deep Dwarf Fighter began the quest for the
                  | Orb.
     0 | D:1      | Reached XP level 1. HP: 20/20 MP: 1/1
    45 | D:1      | Reached XP level 2. HP: 22/27 MP: 2/2
   187 | D:2      | Found an ancient bone altar of Kikubaaqudgha.
   354 | D:2      | Reached skill level 3 in Axes
   354 | D:2      | Reached XP level 3. HP: 26/34 MP: 3/3
   572 | D:3      | Reached XP level 4. HP: 20/42 MP: 4/4
   599 | D:3      | Found a radiant altar of Vehumet.
   835 | D:4      | Reached skill level 4 in Axes
   835 | D:4      | Reached XP level 5. HP: 23/49 MP: 4/4
   859 | D:4      | Found a glowing golden altar of the Shining One.
   861 | D:4      | Noticed an angel
   944 | D:4      | Reached XP level 6. HP: 22/56 MP: 4/4
   994 | D:4      | Found a shattered altar of Ashenzari.
  1030 | D:4      | Reached skill level 5 in Axes
  1205 | D:4      | Found a basalt altar of Yredelemnul.
  1207 | D:4      | Noticed a profane servitor
  1279 | D:4      | Found a staircase to the Ecumenical Temple.
  1329 | D:4      | Reached XP level 7. HP: 48/64 MP: 5/5
  1360 | Temple   | Entered the Ecumenical Temple
  1760 | D:5      | Entered Level 5 of the Dungeon
  1865 | D:5      | Reached skill level 5 in Shields
  1883 | D:5      | Reached skill level 5 in Armour
  1951 | D:5      | Reached skill level 6 in Axes
  2021 | D:5      | Noticed Menkaure
  2056 | D:5      | Killed Menkaure
  2098 | D:5      | Noticed a hippogriff
  2117 | D:5      | Noticed Duvessa
  2119 | D:5      | Noticed Dowan
  2129 | D:5      | Reached XP level 8. HP: 29/73 MP: 4/4
  2136 | D:5      | Killed Duvessa
  2136 | D:5      | Reached skill level 7 in Axes
  2145 | D:5      | Killed a hippogriff
  2160 | D:5      | Reached skill level 5 in Fighting
  2174 | D:5      | Killed Dowan
  2545 | D:6      | Found Ocar's Assorted Antiques.
  2549 | D:6      | Found Viss's Armour Shoppe.
  2583 | D:6      | Reached skill level 8 in Axes
  2610 | D:6      | Killed from afar by an orc wizard

Levels and vault maps discovered:
D:1:      dpeg_arrival_rooms_b, layout_rooms, minmay_misc_feat_x
D:2:      layout_loops_cross, kiku_gazebo_pond_becter
D:3:      layout_basic, lemuel_doored_altar, first_ration, minmay_pentangle
D:4:      layout_loops_ring, grunt_temple_overflow_holy_war,
          nicolae_overflow_hidden_temple, minmay_temple_entry_overgrown,
          evilmike_ruin_ashenzari
D:5:      layout_loops_ring, minmay_misc_feat_rows, uniq_menkaure, uniq_duvessa
D:6:      layout_basic, makhleb_altar_promises_db, serial_shops, shop,
          nicolae_shop_temple_entry_statues_fountains, shop, shop, shop,
          feat_on_display, uniq_grinder
Temple:   eino_temple_water

Skill      XL: |  1  2  3  4  5  6  7  8 |
---------------+-------------------------+-----
Fighting       | 3 4 5 |  5.2
Axes           | 3 4 5 6 8 |  8.1
Shields        | 4 5 6 |  6.4
Armour         | 4 5 6 |  6.3

Action                   |  1- 3 |  4- 6 |  7- 9 || total
-------------------------+-------+-------+-------++-------
Melee: War axe           |   107 |   154 |   198 ||   459
 Abil: Heal Wounds       |       |     6 |    15 ||    21
  Use: Scroll            |       |       |     8 ||     8
  Eat: Chunk             |       |     2 |     5 ||     7
Armor: Scale mail        |    62 |    63 |    79 ||   204
Dodge: Dodged            |    35 |    35 |    54 ||   124
Block: Kite shield       |    67 |    73 |   104 ||   244

Table legend:
 A = Non-vault XP
 B = Vault XP
 C = Vault XP percentage of total XP
 D = Non-vault monster count
 E = Vault monster count
 F = Vault count percentage of total count
                 A         B        C        D         E       F
            +---------+---------+-------+---------+---------+-------
      Total |    2065 |     397 |  16.1 |     102 |       3 |   2.9
            +---------+---------+-------+---------+---------+-------
        D:1 |      24 |       0 |   0.0 |      15 |       0 |   0.0
        D:2 |      22 |       0 |   0.0 |       9 |       0 |   0.0
        D:3 |      82 |       0 |   0.0 |      16 |       0 |   0.0
        D:4 |     627 |       0 |   0.0 |      28 |       0 |   0.0
        D:5 |     945 |     397 |  29.6 |      25 |       3 |  10.7
        D:6 |     365 |       0 |   0.0 |       9 |       0 |   0.0
            +---------+---------+-------+---------+---------+-------
